 Dungeon Sprint DCSS version 0.24.0-123-gd5b16e6ec5 (webtiles) character file.

Game seed: 13451026629592316371, levelgen mode: deterministic

281166 Groucho the Spry (level 13, 38/64 HPs)
             Began as a Spriggan Enchanter on Jan 8, 2020.
             Was the Champion of Dithmenos.
             Escaped with the Orb!
             The game lasted 00:28:03 (5905 turns).

Groucho the Spry (Spriggan Enchanter)               Turns: 5905, Time: 00:28:04

Health: 38/64      AC:  8    Str:  5      XL:     13   Next: 2%
Magic:  32/37      EV: 35    Int: 16 (18) God:    Dithmenos [******]
Gold:   1237       SH:  0    Dex: 17      Spells: 35/50 levels left

rFire    + . .     SeeInvis +   k - +2 dagger (distort)
rCold    . . .     Gourm    .   (shield restricted)
rNeg     . . .     Faith    +   i - +5 robe of Night {Dark MR+ SInv}
rPois    +         Spirit   .   (helmet restricted)
rElec    +         Reflect  .   j - +0 cloak
rCorr    .         Harm     .   (gloves unavailable)
MR       +++..     NoTele   +   (boots unavailable)
Stlth    +++++.....             D - amulet of faith
HPRegen  0.20/turn              w - ring of poison resistance
MPRegen  0.25/turn              (no ring)

@: wreathed by umbra, very quick
A: very small, unfitting armour, see invisible, deterioration 2, fire resistance
1, herbivore, speed 3, frail 1, sense surroundings 1, electricity resistance,
slow metabolism 2, weak 1
0: Orb of Zot
a: Shadow Step, Shadow Form, Renounce Religion


You escaped.
You worshipped Dithmenos.
Dithmenos was exalted by your worship.
You were not hungry.

You visited 1 branch You collected 3715 gold pieces.
You spent 2478 gold pieces at shops.

Inventory:

Hand Weapons
 a - a +1 dagger
 k - a +2 dagger of distortion (weapon)
Armour
 b - a +0 robe
 i - the +5 robe of Night (worn) {Dark MR+ SInv}
   (You bought it in a shop in the Dungeon)

   It affects your resistance to hostile enchantments.
   It lets you see invisible.
 j - a +0 cloak (worn)
Jewellery
 c - an uncursed amulet of regeneration
 l - an uncursed ring of ice
 w - a ring of poison resistance (left hand)
 y - the ring "Puthearu" {MP+9 Str+6}
   (You bought it in a shop in the Dungeon)

   [ring of magical power]

   It affects your strength (+6).
   It affects your magic capacity (+9).
 A - an uncursed ring of resist corrosion
 D - an amulet of faith (around neck)
Wands
 t - a wand of digging (1)
Scrolls
 n - a scroll of remove curse
 o - a scroll of summoning {unknown}
 r - a scroll of enchant weapon {unknown}
 z - a scroll of fear {unknown}
 B - a scroll of random uselessness {unknown}
Potions
 e - 3 potions of curing
 h - 2 potions of magic
 q - a potion of degeneration {unknown}
 x - a potion of mutation
 C - a potion of cancellation
Comestibles
 d - 3 rations


   Skills:
 - Level 10.0 Fighting
 - Level 10.4 Short Blades
 + Level 20.5 Dodging
 - Level 17.9 Stealth
 + Level 19.4 Spellcasting
 - Level 8.0 Conjurations
 - Level 14.4 Hexes
 + Level 8.6 Charms
 + Level 5.4 Necromancy


You had 35 spell levels left.
You knew the following spells:

 Your Spells              Type           Power        Failure   Level  Hunger
a - Corona                Hex            ######.      0%          1    None
b - Ensorcelled Hibernat  Hex/Ice        #####.       1%          2    None
c - Confuse               Hex            ######..     1%          3    None
d - Dazzling Spray        Conj/Hex       ######       1%          3    None
e - Tukima's Dance        Hex            ######..     1%          3    None
f - Regeneration          Chrm/Necr      #####.....   1%          3    None

Your spell library contained the following spells:

 Spells                   Type           Power        Failure   Level  Hunger
 Animate Skeleton         Necr           N/A          1%          1    None
 Pain                     Necr           ####         1%          1    None
 Vampiric Draining        Necr           ####......   1%          3    None
 Leda's Liquefaction      Hex/Erth       #####.....   1%          4    None
 Sandblast                Erth           ###...       3%          1    None
 Animate Dead             Necr           N/A          3%          4    None
 Passwall                 Tmut/Erth      ###.....     5%          2    None
 Borgnjor's Vile Clutch   Necr/Erth      ###.......   30%         5    ###....
 Iron Shot                Conj/Erth      ####......   71%         6    #####..


Dungeon Overview and Level Annotations

Branches:
Dungeon (1/1)

Altars:
Cheibriados
Dithmenos
Elyvilon
Fedhas
Gozag
Hepliaklqana
Kikubaaqudgha
Makhleb
Nemelex Xobeh
Okawaru
Qazlal
Ru
Sif Muna
Trog
Uskayaw
Vehumet
Wu Jian
Xom
Yredelemnul
Zin
The Shining One
Jiyva
Lugonu

Shops:
D !=*=**(?!}[*=[[*[?![((

Annotations:
D Tiamat


Innate Abilities, Weirdness & Mutations

You are very small and have problems with some larger weapons.
You are too small for most types of armour.
You have supernaturally acute eyesight. (SInv)
You are a herbivore.
You cover ground extremely quickly.
You need to consume almost no food.
Your body often deteriorates upon taking damage.
Your flesh is heat resistant. (rF+)
You are frail. (-10% HP)
You passively map a small area around you.
You are resistant to electric shocks. (rElec)
You are weak. (Str -2)


Message History

Press: ? - help, Dir - move target cursor, f/p - hell hog
Aim: a hell hog (resting, umbra)
You step into the hell hog's shadow.
A hell hog comes into view.
The hell hog completely misses you.
A hell hog comes into view.
The hell hog breathes fire at you.
The fireball explodes!
The fireball engulfs the hell hog.
The hell hog resists.
The fireball engulfs you! You resist.
Your body deteriorates!
You feel dopey.
Unknown command.
A hell hog comes into view.
There is an open door here.
The hell hog breathes fire at you.
The fireball explodes!
The fireball engulfs you! You resist.
Your body deteriorates!
You feel dopey.
You emit a cloud of dark smoke.
There is a staircase leading out of the dungeon, spattered with blood here.
You see here a cursed +0 scale mail.
You have escaped!

##################
#@h#.[)h.#.)'..#__
#§§h..#..'..#..'..
#.§#####+#####'#__
#..####..#...#.###
#..#__####..##[#≈≈
#..#_____##'#_.§§§
#⌠⌠#_.∩...'..._#§§
#..._..__##_.#'##'
#..#_____###'#)#.§


You could see 2 hell hogs.

Vanquished Creatures
  A golden dragon (D)
  A shadow dragon (D)
  4 fire giants (D)
  A lorocyproca (D)
  A monstrous demonspawn (D)
  A hydra (D)
  2 centaur warriors (D)
  Sonja (D)
  7 unseen horrors (D)
  A deep troll (D)
  A lindwurm (D)
  An oklob plant (D)
  8 shining eyes (D)
  A gargoyle (D)
  4 demonic crawlers (D)
  2 kobold demonologists (D)
  A meliai (D)
  A hornet (D)
  A slime creature (D)
  Sigmund (D)
  2 redbacks (D)
  A yak (D)
  A golden eye (D)
  13 hogs (D)
  7 floating eyes (D)
  An ogre (D)
  7 necrophages (D)
  8 jellies (D)
  Ijyb (D)
82 creatures vanquished.

Vanquished Creatures (others)
  A gargoyle (D)
  4 hornets (D)
  2 ballistomycete spores (D)
7 creatures vanquished.

Grand Total: 89 creatures vanquished

Notes
Turn   | Place    | Note
-------+----------+-------------------------------------------
     0 | D        | Groucho the Spriggan Enchanter began the quest for the Orb.
     0 | D        | Reached XP level 1. HP: 9/9 MP: 5/5
     2 | D        | Noticed Ijyb
    13 | D        | Killed Ijyb
    13 | D        | Reached skill level 5 in Hexes
    13 | D        | Reached XP level 2. HP: 13/13 MP: 6/8
   353 | D        | Learned a level 2 spell: Ensorcelled Hibernation
   460 | D        | Noticed an ogre
   467 | D        | Killed an ogre
   467 | D        | Reached XP level 3. HP: 16/16 MP: 4/11
   467 | D        | Reached XP level 4. HP: 21/21 MP: 4/13
   732 | D        | Noticed Sigmund
   734 | D        | Killed Sigmund
   734 | D        | Reached XP level 5. HP: 24/24 MP: 14/16
   734 | D        | Reached XP level 6. HP: 28/28 MP: 14/17
   757 | D        | Found a shimmering blue altar of Sif Muna.
   758 | D        | Found an ornate altar of the Wu Jian Council.
   759 | D        | Found a radiant altar of Vehumet.
   797 | D        | Found Edeo's Jewellery Emporium.
   797 | D        | Found an ancient bone altar of Kikubaaqudgha.
   797 | D        | Found a hazy altar of Hepliaklqana.
   797 | D        | Found a stormy altar of Qazlal.
   797 | D        | Found a hide-covered altar of Uskayaw.
   797 | D        | Found a blossoming altar of Fedhas.
   797 | D        | Found a bloodstained altar of Trog.
   797 | D        | Found an iron altar of Okawaru.
   797 | D        | Found a basalt altar of Yredelemnul.
   797 | D        | Found a glowing golden altar of the Shining One.
   797 | D        | Found a snail-covered altar of Cheibriados.
   797 | D        | Found a sacrificial altar of Ru.
   797 | D        | Found a glowing silver altar of Zin.
   797 | D        | Found a shadowy altar of Dithmenos.
   797 | D        | Found a white marble altar of Elyvilon.
   797 | D        | Noticed a yak
   798 | D        | Found an opulent altar of Gozag.
   799 | D        | Killed a yak
   799 | D        | Reached skill level 15 in Stealth
   800 | D        | Found a sparkling altar of Nemelex Xobeh.
   828 | D        | Became a worshipper of Dithmenos the Shadowed
   847 | D        | Found a burning altar of Makhleb.
   847 | D        | Found a shimmering altar of Xom.
   847 | D        | Noticed a slime creature
   848 | D        | Found a viscous altar of Jiyva.
   848 | D        | Found a corrupted altar of Lugonu.
   850 | D        | Killed a slime creature
   850 | D        | Reached skill level 10 in Hexes
   850 | D        | Reached XP level 7. HP: 32/32 MP: 21/21
   904 | D        | Noticed a centaur warrior
   904 | D        | Noticed a centaur warrior
   905 | D        | Killed a centaur warrior
   905 | D        | Reached skill level 6 in Dodging
   905 | D        | Reached XP level 8. HP: 39/39 MP: 22/24
   906 | D        | Killed a centaur warrior
   906 | D        | Reached * piety under Dithmenos
   906 | D        | Reached skill level 8 in Dodging
   920 | D        | Noticed a hornet
   923 | D        | Killed a hornet
   923 | D        | Reached skill level 9 in Dodging
   923 | D        | Reached XP level 9. HP: 44/44 MP: 25/25
   936 | D        | Noticed an oklob plant
   945 | D        | Learned a level 3 spell: Confuse
   949 | D        | Learned a level 3 spell: Dazzling Spray
   953 | D        | Learned a level 3 spell: Tukima's Dance
  1437 | D        | Noticed a deep troll
  1441 | D        | Killed a deep troll
  1441 | D        | Reached skill level 10 in Dodging
  1457 | D        | Found Pastral's Armour Emporium.
  1462 | D        | Bought the +5 robe of Night {Dark MR+ SInv} for 600 gold
                  | pieces
  1462 | D        | Found the +5 robe of Night {Dark MR+ SInv}
  1462 | D        | Bought a +0 cloak for 45 gold pieces
  1595 | D        | Noticed Sonja
  1598 | D        | Killed Sonja
  1598 | D        | Reached ** piety under Dithmenos
  1691 | D        | Found Osysk's Distillery.
  1697 | D        | Bought a potion of flight for 33 gold pieces
  1702 | D        | Noticed a shining eye
  1702 | D        | Noticed a shining eye
  1702 | D        | Noticed a shining eye
  1702 | D        | Noticed a shining eye
  1708 | D        | Noticed a shining eye
  1708 | D        | Noticed a shining eye
  1710 | D        | Noticed a shining eye
  1711 | D        | Killed a shining eye
  1711 | D        | Reached skill level 11 in Dodging
  1712 | D        | Killed a shining eye
  1712 | D        | Reached XP level 10. HP: 46/51 MP: 19/28
  1713 | D        | Reached skill level 5 in Fighting
  1718 | D        | Gained mutation: Your flesh is heat resistant. (rF+) [a
                  | shining eye]
  1720 | D        | Paralysed by a floating eye for 2 turns
  1722 | D        | Gained mutation: You are frail. (-10% HP) [a shining eye]
  1728 | D        | Reached *** piety under Dithmenos
  1728 | D        | Gained mutation: You tend to lose your temper in combat. [a
                  | shining eye]
  1729 | D        | Gained mutation: You are weak. (Str -2) [a shining eye]
  1730 | D        | Killed a shining eye
  1730 | D        | Reached skill level 12 in Dodging
  2148 | D        | Noticed a shining eye
  2149 | D        | Killed a shining eye
  2150 | D        | Killed a shining eye
  2153 | D        | Killed a shining eye
  2153 | D        | Reached **** piety under Dithmenos
  2153 | D        | Reached skill level 10 in Short Blades
  2158 | D        | Gained mutation: You are dopey. (Int -2) [a shining eye]
  2163 | D        | Gained mutation: You are very weak. (Str -4) [a shining
                  | eye]
  2167 | D        | Killed a shining eye
  2167 | D        | Reached skill level 13 in Dodging
  2171 | D        | Killed a shining eye
  2453 | D        | Found Suunnoch's Assorted Antiques.
  2453 | D        | Found Tijir's Jewellery Shoppe.
  2453 | D        | Found Tikhlucsi's General Store.
  2453 | D        | Found Ciunk's Assorted Antiques.
  2479 | D        | Bought a scroll of identify for 24 gold pieces
  2535 | D        | Noticed a rust devil
  2536 | D        | Reached skill level 1 in Conjurations
  2719 | D        | Reached ***** piety under Dithmenos
  2720 | D        | Reached skill level 14 in Dodging
  2720 | D        | Reached XP level 11. HP: 52/52 MP: 30/30
  2957 | D        | Noticed a lindwurm
  2960 | D        | Killed a lindwurm
  2960 | D        | Reached skill level 15 in Spellcasting
  2979 | D        | Reached ****** piety under Dithmenos
  2986 | D        | Reached skill level 15 in Dodging
  3068 | D        | Noticed a 12-headed hydra
  3070 | D        | Killed a 12-headed hydra
  3141 | D        | Noticed a shadow dragon
  3145 | D        | Noticed a golden dragon
  3160 | D        | Killed a shadow dragon
  3160 | D        | Reached skill level 16 in Dodging
  3160 | D        | Reached skill level 5 in Conjurations
  3164 | D        | Killed a golden dragon
  3164 | D        | Reached skill level 17 in Dodging
  3164 | D        | Reached XP level 12. HP: 56/60 MP: 25/33
  3225 | D        | Found Gusaefob's Antique Weapon Shoppe.
  3339 | D        | Reached skill level 10 in Fighting
  3514 | D        | Reached skill level 18 in Dodging
  3854 | D        | Found Xiorabb's Magic Scroll Shoppe.
  3854 | D        | Found Woreokhli's Antique Weapon Shop.
  3854 | D        | Found Wynyphoi's Distillery.
  3856 | D        | Found Ytwemoe's Gadget Emporium.
  3856 | D        | Found Roffayda's Armour Shop.
  3856 | D        | Found Zubuna's Assorted Antiques.
  3856 | D        | Found Zuteen's Jewellery Boutique.
  3856 | D        | Found Agockoe's Antique Armour Emporium.
  3860 | D        | Found Opeubrie's Antique Armour Shop.
  3861 | D        | Bought a wand of digging (6) for 280 gold pieces
  3861 | D        | Found Hiasan's General Store.
  3862 | D        | Found Kogreg Waze's Armour Boutique.
  3863 | D        | Found Pufuk's Distillery.
  3863 | D        | Found Sayrueda's Magic Scroll Boutique.
  3864 | D        | Found Fuvvah's Antique Weapon Emporium.
  3867 | D        | Bought a potion of mutation for 112 gold pieces
  3867 | D        | Lost mutation: You are very weak. (Str -4) [potion of
                  | mutation]
  3867 | D        | Lost mutation: You tend to lose your temper in combat.
                  | [potion of mutation]
  3867 | D        | Lost mutation: You are dopey. (Int -2) [potion of mutation]
  3867 | D        | Gained mutation: Your body sometimes deteriorates upon
                  | taking damage. [potion of mutation]
  3867 | D        | Gained mutation: You are resistant to electric shocks.
                  | (rElec) [potion of mutation]
  3867 | D        | Gained mutation: Your body often deteriorates upon taking
                  | damage. [potion of mutation]
  3867 | D        | Gained mutation: You passively map a small area around you.
                  | [potion of mutation]
  3876 | D        | Bought a potion of heal wounds for 70 gold pieces
  3876 | D        | Bought a scroll of identify for 28 gold pieces
  3879 | D        | Bought an uncursed ring of poison resistance for 240 gold
                  | pieces
  3955 | D        | Noticed a lorocyproca
  3957 | D        | Killed a lorocyproca
  4060 | D        | Bought a potion of mutation for 168 gold pieces
  4060 | D        | Bought a vibrating glass ring for 105 gold pieces
  4060 | D        | Bought a scroll labeled KACUWEA ZASYPP for 21 gold pieces
  4060 | D        | Bought a scroll labeled WITWEJ KYAMN for 21 gold pieces
  4060 | D        | Bought a cabochon ring for 105 gold pieces
  4060 | D        | Bought a scroll labeled MITHON HIUNN for 21 gold pieces
  4060 | D        | Bought a puce potion for 18 gold pieces
  4064 | D        | Bought a scroll of identify for 28 gold pieces
  4064 | D        | Bought a scroll of identify for 28 gold pieces
  4064 | D        | Bought a scroll of identify for 28 gold pieces
  4139 | D        | Bought a blue potion for 23 gold pieces
  4141 | D        | Bought an uncursed amulet of faith for 480 gold pieces
  4144 | D        | Identified the ring "Puthearu" {MP+9 Str+6} (You bought it
                  | in a shop in the Dungeon)
  4512 | D        | Noticed a daeva
  5019 | D        | Reached skill level 19 in Dodging
  5480 | D        | Identified a scroll of acquirement
  5480 | D        | Identified Groucho's Disquisition on the Rocks (You
                  | acquired it in the Dungeon)
  5488 | D        | Learned a level 3 spell: Regeneration
  5495 | D        | Noticed a fire giant
  5497 | D        | Noticed a fire giant
  5497 | D        | Noticed a fire giant
  5497 | D        | Noticed a fire giant
  5498 | D        | Killed a fire giant
  5500 | D        | Killed a fire giant
  5500 | D        | Reached skill level 5 in Charms
  5501 | D        | Killed a fire giant
  5501 | D        | Reached skill level 20 in Dodging
  5504 | D        | Killed a fire giant
  5509 | D        | Reached skill level 5 in Necromancy
  5694 | D        | Got the Orb of Zot
  5694 | D        | Identified the +4 dragonskin cloak
  5694 | D        | Noticed Tiamat
  5802 | D        | Noticed a monstrous demonspawn
  5808 | D        | Killed a monstrous demonspawn
  5808 | D        | Reached XP level 13. HP: 64/64 MP: 21/37
  5905 | D        | Escaped with the Orb!

Levels and vault maps discovered:
D:        dungeon_sprint_1 [red_sonja_temple_1, red_sonja_temple_small_1]

Skill      XL: |  1  2  3  4  5  6  7  8  9 10 11 12 |
---------------+-------------------------------------+-----
Stealth        | 7 11 13 16 17 | 17.9
Spellcasting   | 4 6 7 9 11 13 14 16 19 | 19.4
Hexes          | 5 6 8 10 11 12 13 14 | 14.4
Fighting       | 2 3 4 7 9 10 | 10.0
Short Blades   | 4 6 8 10 | 10.4
Dodging        | 6 9 11 14 17 20 | 20.5
Conjurations   | 2 6 8 |  8.0
Charms         | 8 |  8.6
Necromancy     | 5 |  5.4

Action                   |  1- 3 |  4- 6 |  7- 9 | 10-12 | 13-15 || total
-------------------------+-------+-------+-------+-------+-------++-------
Melee: Dagger            |    11 |     4 |    12 |   103 |       ||   130
 Cast: Ensorcelled Hiber |     2 |       |     3 |    15 |     1 ||    21
       Dazzling Spray    |       |       |     3 |    58 |       ||    61
       Confuse           |       |       |       |     4 |       ||     4
Invok: Shadow Step       |       |       |     1 |     6 |     1 ||     8
Evoke: Wand              |       |       |       |     5 |       ||     5
  Use: Potion            |     1 |       |     1 |    10 |       ||    12
       Scroll            |       |       |     1 |    10 |       ||    11
 Stab: Sleeping          |     2 |     4 |     8 |    44 |       ||    58
       Invisible         |       |       |       |    15 |       ||    15
       Confused          |       |       |       |     1 |       ||     1
  Eat: Ration            |       |       |       |     3 |       ||     3
Armor: Robe              |       |       |     1 |     8 |       ||     9
Dodge: Dodged            |     6 |       |     2 |   129 |     1 ||   138
